[Event "Early-Titled-Tuesday-Blitz-October-17-2023"]
[Site "Chess.com"]
[Date "2023.10.17"]
[Round "3"]
[White "venturov"]
[Black "Bilan_Danila"]
[Result "1-0"]
[WhiteElo "2445"]
[BlackElo "2587"]
[TimeControl "180+1"]
[EndTime "8:28:48 PDT"]
[Termination "venturov won by resignation"]

1. e4 c6 2. d4 d5 3. e5 c5 4.
Nf3 Nc6 5. dxc5 Bg4 6. c3 Bxf3 7. Qxf3 e6 8. Be3 Nxe5 9. Bb5+ Nc6 10. c4 Nf6 11.
O-O Rc8 12. Nc3 a6 13. Bxc6+ bxc6 14. Rfd1 Be7 15. b4 O-O 16. Rab1 Nd7 17. cxd5 exd5 18. Bd4 Bf6 19. Qd3 Re8 20. Qxa6 Qc7 21. Qd3 Ne5 22.
Bxe5 Bxe5 23. g3 Bxc3 24. Qxc3 Re2 25. Rd2 Rce8 26. Rxe2 Rxe2 27. Re1 Qe7 28. Rxe2 Qxe2 29. Qe3 Qd1+ 30. Kg2 g6 31. Qe8+ Kg7 32. Qxc6 Qd4 33.
Qe8 Qxb4 34. c6 Qd6 35. Qd7 Qe5 36. c7 Qe4+ 37. Kh3 Qe1 38. c8=Q Qf1+ 39. Kh4 h6 40.
Qc3+ Kg8 41. Qd8+ 1-0

[Event "Early-Titled-Tuesday-Blitz-October-17-2023"]
[Site "Chess.com"]
[Date "2023.10.17"]
[Round "3"]
[White "ssunu"]
[Black "falzehope0"]
[Result "0-1"]
[WhiteElo "1930"]
[BlackElo "2327"]
[TimeControl "180+1"]
[EndTime "8:28:49 PDT"]
[Termination "falzehope0 won by checkmate"]

1. e4 d6 2. d4 Nf6 3. Nc3 Nbd7 4. Bd3 e5 5. Nge2 Be7 6. Be3 c6 7. f3 Qa5 8. Qd2 d5 9. g4 dxe4 10. Nxe4 Qxd2+ 11. Bxd2 exd4 12. Nxd4 Ne5 13. O-O Nxd3 14.
cxd3 Nxe4 15. fxe4 Bxg4 16. Rf4 h5 17. Raf1 Bc5 18.
Be3 O-O-O 19. e5 g5 20. Re4 Bxd4 21. Bxd4 Be6 22. a3 b6 23. Rd1 Rd7 24. Bc3 Rhd8 25. d4 c5 26. h4 cxd4 27. Bb4 gxh4 28. Bd6 f6 29. Rexd4 fxe5 30. Bxe5 Rg8+ 31. Kh2 Rf7 32. Rc1+ Kb7 33. Rxh4 Rf2+ 34. Kh1 Bd5+ 35. Re4 Bxe4# 0-1

[Event "Early-Titled-Tuesday-Blitz-October-17-2023"]
[Site "Chess.com"]
[Date "2023.10.17"]
[Round "3"]
[White "CarlosjPineror"]
[Black "Arystanner"]
[Result "0-1"]
[WhiteElo "2498"]
[BlackElo "2794"]
[TimeControl "180+1"]
[EndTime "8:28:50 PDT"]
[Termination "Arystanner won by resignation"]

1. e4 c5 2. Nf3 e6 3. d4 cxd4 4. Nxd4 Nf6 5. Nc3 Nc6 6. Be3 Bb4 7. Bd3 d5 8. O-O Bxc3 9. bxc3 dxe4 10. Nxc6 bxc6 11.
Bc4 O-O 12. Bc5 Re8 13. Qe2 Qa5 14. Bb4 Qf5 15. Qe3 Nd5 16. Qg3 a5 17. Bc5 Ba6 18. Bxa6 Rxa6 19. Rab1 Nf4 20. Qe3 Nd5 21. Qg3 Raa8 22. Rfe1 Nf6 23. Bd4 e5 24. Bc5 Rab8 25.
a4 h5 26. h3 Rxb1 27. Rxb1 e3 28. Qxe3 Qxc2 29. Rb7 Qxa4 30. Qd3 Qe4 31. Qd1 Qd5 32. Qxd5 cxd5 33. Ra7 Ne4 34. c4 Nxc5 35. Rxa5 Nd3 36. Rxd5 e4 37. g3 Rc8 38. Rd4 Ne5 39. Rxe4 Nxc4 40.
h4 g6 41. Kg2 Nd6 42. Re2 Nf5 43. Ra2 Rc3 44. Re2 Kg7 45. Ra2 Nd4 46. Rd2 Rc4 47.
Ra2 Rc2 48. Ra4 Nf5 49. Rf4 Nh6 50. Rf3 Ng4 51. Rf4 f6 52. Rf3 Kf7 53. Kg1 Ke6 54.
Rf4 Ke5 55. Rf3 Ke4 56. Rf4+ Kd3 57. Kg2 f5 58. Rf3+ Ke2 59. Rf4 Ke1 60. Kg1 Rxf2 61.
Rc4 Rf1+ 62. Kg2 Ne3+ 63. Kh3 Nxc4 64. g4 Rf3+ 0-1

[Event "Early-Titled-Tuesday-Blitz-October-17-2023"]
[Site "Chess.com"]
[Date "2023.10.17"]
[Round "3"]
[White "novocane"]
[Black "crazy_but_lazy"]
[Result "0-1"]
[WhiteElo "2384"]
[BlackElo "2626"]
[TimeControl "180+1"]
[EndTime "8:28:51 PDT"]
[Termination "crazy_but_lazy won by resignation"]

1. d4 Nf6 2. c4 g6 3. Nc3 Bg7 4. e4 O-O 5. f3 d6 6. Bg5 c6 7. Qd2 a6 8. Nge2 b5 9. b3 bxc4 10.
bxc4 Qa5 11. Nc1 Nbd7 12. Be2 Re8 13. O-O e5 14. d5 cxd5 15. cxd5 Nc5 16. Rb1 Nfd7 17.
Nb3 Nxb3 18. Rxb3 Nc5 19. Rb2 Bd7 20. Rfb1 Rec8 21. Nd1 Qxd2 22. Bxd2 Bf6 23. Ne3 Be7 24. Nc4 Bb5 25. Ba5 Na4 26. Rc2 Rc5 27. Bb4 Rc7 28. Ne3 Rxc2 0-1

[Event "Early-Titled-Tuesday-Blitz-October-17-2023"]
[Site "Chess.com"]
[Date "2023.10.17"]
[Round "3"]
[White "GaiozNigalidze"]
[Black "Payyappat"]
[Result "1-0"]
[WhiteElo "2711"]
[BlackElo "2477"]
[TimeControl "180+1"]
[EndTime "8:28:51 PDT"]
[Termination "GaiozNigalidze won on time"]

1. e4 c6 2. h4 d5 3. exd5 cxd5 4. h5 e5 5. d4 exd4 6. h6 Nc6 7. hxg7 Bxg7 8.
Nf3 Bg4 9. Bd3 Nf6 10. Bg5 Qb6 11. Nbd2 O-O-O 12. O-O Rhg8 13. Re1 Qxb2 14. Rb1 Qa3 15. Rb3 Qd6 16. Qb1 Rd7 17. Bb5 Ne4 18. Nxe4 dxe4 19. Rxe4 Bxf3 20. Rxf3 Qd5 21. Rg4 Bh6 22. Bxc6 bxc6 23. Bf4 1-0

[Event "Early-Titled-Tuesday-Blitz-October-17-2023"]
[Site "Chess.com"]
[Date "2023.10.17"]
[Round "3"]
[White "BahadirOzen"]
[Black "ErikRonka"]
[Result "1-0"]
[WhiteElo "2793"]
[BlackElo "2495"]
[TimeControl "180+1"]
[EndTime "8:28:53 PDT"]
[Termination "BahadirOzen won by checkmate"]

1. g3 d5 2. Nf3 Bg4 3. Bg2 c6 4. h3 Bh5 5. O-O Nd7 6. d3 e6 7.
Qe1 Bd6 8. e4 Ne7 9. Nh4 O-O 10.
f4 Ng6 11. Nxg6 Bxg6 12. f5 Qc7 13. fxg6 Bxg3 14. gxh7+ Kh8 15. Qe2 f5 16. Nd2 fxe4 17. dxe4 Rxf1+ 18. Nxf1 Bh4 19. Qg4 Bf6 20. c3 Ne5 21.
Qe2 Rf8 22. Bf4 Qb6+ 23. Be3 Qa5 24. exd5 exd5 25. Bd4 Re8 26. Kh1 c5 27. Bg1 Re7 28.
Bxd5 Ng6 29. Qh2 Be5 30. Qf2 Nf4 31. Bg2 b6 32. Rd1 Qxa2 33. Rd8+ Kxh7 34. Qh4+ Kg6 35. Qxe7 Qxb2 36. Be4+ Kh5 37. Rh8# 1-0

[Event "Early-Titled-Tuesday-Blitz-October-17-2023"]
[Site "Chess.com"]
[Date "2023.10.17"]
[Round "3"]
[White "InitiatingASC"]
[Black "faraone99"]
[Result "0-1"]
[WhiteElo "2363"]
[BlackElo "2576"]
[TimeControl "180+1"]
[EndTime "8:28:54 PDT"]
[Termination "faraone99 won by resignation"]

1. e4 e5 2. Nf3 Nc6 3. Bc4 Bc5 4. d3 Nf6 5. O-O d6 6. Be3 O-O 7. h3 h6 8. c3 a6 9. a4 Bxe3 10. fxe3 Be6 11. Nbd2 Qd7 12. Nh4 Bxc4 13. Nxc4 d5 14. Rxf6 dxc4 15. Nf5 Ne7 16. Qg4 Nxf5 17. exf5 Kh7 18.
Rg6 Rg8 19. Rf1 Kh8 20. f6 Qxg4 21. Rxg4 cxd3 22. fxg7+ Rxg7 23. Rxg7 Kxg7 24. e4 Rd8 25. Kf2 c5 26. c4 Rd4 27. Ke3 Rxc4 28. Kxd3 Rxa4 29.
Rf5 f6 30. Rf3 Rb4 31. Kc3 Rxe4 32. Rg3+ Kf7 33. Rd3 Rd4 34. Rf3 b5 35. b3 a5 36.
Kc2 a4 37. bxa4 Rxa4 38. Rg3 Ra2+ 39. Kb3 Rd2 40. Rc3 c4+ 41. Kb4 Rxg2 42. Kxb5 h5 43. Kxc4 h4 44. Ra3 Rg3 45. Ra7+ Kg6 46. Kd5 Rxh3 47.
Ke4 Rh1 48. Ra8 Re1+ 49. Kf3 Rb1 50. Rh8 h3 51. Kg4 Rb4+ 52. Kxh3 Kf5 53. Kg3 e4 54. Kf2 Rb3 55. Rh5+ Ke6 56. Rh4 f5 57. Rh3 Rxh3 0-1

[Event "Early-Titled-Tuesday-Blitz-October-17-2023"]
[Site "Chess.com"]
[Date "2023.10.17"]
[Round "3"]
[White "ChessRespected"]
[Black "Nitzan_Steinberg"]
[Result "0-1"]
[WhiteElo "2593"]
[BlackElo "2847"]
[TimeControl "180+1"]
[EndTime "8:28:56 PDT"]
[Termination "Nitzan_Steinberg won on time"]

1. d4 Nf6 2. Nf3 g6 3. g3 Bg7 4.
Bg2 O-O 5. c4 d6 6. Nc3 Nbd7 7.
O-O e5 8. e4 Re8 9. Re1 exd4 10.
Nxd4 Nc5 11. h3 Bd7 12. Rb1 a5 13. b3 Qc8 14. Kh2 h5 15. Bg5 Nh7 16. Be3 Nf8 17. Qc2 Nfe6 18. Ndb5 h4 19. Nd5 hxg3+ 20. fxg3 Be5 21.
Rf1 Qd8 22. Qf2 Rf8 23. Bf4 Bg7 24. Rbd1 Nxf4 25. gxf4 c6 26. Nxd6 Nxe4 27. Nxe4 cxd5 28. Rxd5 Qc7 29. Qh4 Bc6 30. Ng5 Rfe8 31. Rc5 Re2 32. Rf2 Rae8 33. Bxc6 bxc6 34. Qh7+ Kf8 35. Kg1 Rxf2 36.
Kxf2 Qxf4+ 37. Nf3 Bd4+ 0-1

[Event "Early-Titled-Tuesday-Blitz-October-17-2023"]
[Site "Chess.com"]
[Date "2023.10.17"]
[Round "3"]
[White "Anton_Demchenko"]
[Black "AleksanderHnydiuk"]
[Result "1-0"]
[WhiteElo "3016"]
[BlackElo "2509"]
[TimeControl "180+1"]
[EndTime "8:28:57 PDT"]
[Termination "Anton_Demchenko won on time"]

1. e4 Nf6 2. e5 Nd5 3. d4 d6 4. Nf3 dxe5 5. Nxe5 c6 6. h3 g6 7. Bc4 Bg7 8. O-O O-O 9. Re1 Nd7 10. Nf3 N7b6 11.
Bf1 Bf5 12. c4 Nb4 13. Na3 c5 14. Bg5 Re8 15. g4 Bc8 16. Qd2 Nc6 17. d5 Nd4 18. Nxd4 Bxd4 19. Nb5 Bg7 20. Rad1 a6 21. Nc3 Nd7 22.
Bg2 Ne5 23. b3 Bd7 24. Ne4 f6 25. Be3 Nf7 26. Nxc5 b5 27. Ne6 Bxe6 28. dxe6 Ne5 29. f4 1-0

[Event "Early-Titled-Tuesday-Blitz-October-17-2023"]
[Site "Chess.com"]
[Date "2023.10.17"]
[Round "3"]
[White "wonderfultime"]
[Black "Maitreia"]
[Result "1-0"]
[WhiteElo "2986"]
[BlackElo "2688"]
[TimeControl "180+1"]
[EndTime "8:28:58 PDT"]
[Termination "wonderfultime won by resignation"]

1. d4 Nf6 2. Nf3 g6 3. Bg5 Bg7 4. Nbd2 O-O 5. c3 c5 6. dxc5 Na6 7.
Bxf6 Bxf6 8. Ne4 Bg7 9. e3 Qc7 10. Qd5 Rb8 11. Rd1 b6 12. Bxa6 Bxa6 13. Qxd7 Qxd7 14.
Rxd7 bxc5 15. Rd2 Rfd8 16. Rxd8+ Rxd8 17. Nxc5 Bc4 18. Nd2 Bxa2 19. Ke2 Bd5 20. Ra1 Bxg2 21. Rxa7 Be5 22. f4 Bb8 23. Rxe7 g5 24. fxg5 Bxh2 25. Nce4 Bh3 26. Nf3 Bg4 27. Nf6+ Kf8 28. Nxg4 Kxe7 29. Ngxh2 Ke6 30. Nd4+ Ke5 31. Kd3 Rg8 32. Nhf3+ Kd5 33. b4 f6 34. gxf6 Rf8 35. e4+ Kd6 36. e5+ Kd7 37.
e6+ Kd6 38. e7 Ra8 39. c4 h5 40. c5+ Kd7 41. Ne5+ Ke8 42. Nf5 1-0

[Event "Early-Titled-Tuesday-Blitz-October-17-2023"]
[Site "Chess.com"]
[Date "2023.10.17"]
[Round "3"]
[White "topin8"]
[Black "sokidze"]
[Result "0-1"]
[WhiteElo "2493"]
[BlackElo "2780"]
[TimeControl "180+1"]
[EndTime "8:28:58 PDT"]
[Termination "sokidze won on time"]

1. e4 c5 2. Nf3 Nc6 3. Bb5 g6 4. O-O Bg7 5. Re1 e5 6. b4 cxb4 7. a3 Nge7 8. axb4 O-O 9. Bb2 d6 10. d4 Bg4 11. d5 Nxb4 12. c3 Qb6 13. Na3 Nbxd5 14. exd5 a6 15. c4 axb5 16. Nxb5 Rxa1 17. Bxa1 Rc8 18. Qa4 Bxf3 19. gxf3 Nf5 20. Bc3 Qc5 21. Re4 Qb6 22. Ba5 Qa6 23. Qb4 b6 24. Nxd6 bxa5 0-1

[Event "Early-Titled-Tuesday-Blitz-October-17-2023"]
[Site "Chess.com"]
[Date "2023.10.17"]
[Round "3"]
[White "Msb2"]
[Black "Yeremyan_ChessMate"]
[Result "1-0"]
[WhiteElo "3074"]
[BlackElo "2722"]
[TimeControl "180+1"]
[EndTime "8:29:00 PDT"]
[Termination "Msb2 won by resignation"]

1. d4 Nf6 2. c4 g6 3. Nc3 d5 4. cxd5 Nxd5 5. e4 Nxc3 6. bxc3 Bg7 7. Nf3 O-O 8. Be2 c5 9. O-O b6 10. Be3 Bb7 11. Qd3 Nc6 12. Rad1 cxd4 13. cxd4 Rc8 14.
Qb1 Na5 15. d5 Qd7 16. Bd4 Qa4 17. Bb5 Qc2 18. Bxg7 Kxg7 19. Qb4 Qc3 20. Qxe7 Qc5 21. Qxc5 Rxc5 22. Bd3 Rd8 23. h4 f5 24. Ng5 Bc8 25. f3 h6 26. Nh3 fxe4 27. fxe4 Bxh3 28. gxh3 Nb7 29. Rf3 Rc3 30. Rdf1 Nc5 31. Bb1 Rxf3 32. Rxf3 Re8 33. Rf4 Nd7 34. Kf2 Nf6 35. Kf3 Re5 36. Bd3 g5 37. hxg5 hxg5 38. Rf5 Rxf5+ 39. exf5 Nxd5 40.
Ke4 Nb4 41. Bb1 Kf6 42. a3 Nc6 43. Kd5 Ne7+ 44. Kd6 Nxf5+ 45. Kc7 Nd4 46. Kb7 Nb5 47. a4 Nc3 48. Bc2 Nxa4 49. Bxa4 b5 50. Bxb5 a6 51. Ba4 Kg7 52. Kc6 Kh8 53. Kd5 a5 54. Ke5 Kg7 55. Kf5 Kh8 56. Kg6 g4 57. hxg4 1-0

[Event "Early-Titled-Tuesday-Blitz-October-17-2023"]
[Site "Chess.com"]
[Date "2023.10.17"]
[Round "3"]
[White "chess_blitz00"]
[Black "KatakuriDono"]
[Result "0-1"]
[WhiteElo "2555"]
[BlackElo "2386"]
[TimeControl "180+1"]
[EndTime "8:29:01 PDT"]
[Termination "KatakuriDono won on time"]

1. d4 d5 2. Nf3 Nf6 3. g3 e6 4. Bg2 Be7 5. O-O O-O 6. c4 dxc4 7. Qc2 a6 8. a4 c5 9. Rd1 Qb6 10. Na3 Nc6 11. Nxc4 Qa7 12. Nfe5 Nxe5 13. dxe5 Nd5 14. Be4 f5 15. Bxd5 exd5 16. Rxd5 Be6 17. Rd3 Qb8 18. a5 Qc7 19. Be3 Kh8 20. Rad1 Rad8 21. Rxd8 Rxd8 22. Rxd8+ Qxd8 23. Nb6 h6 24. h4 Qc7 25. Qc3 Qd8 26. Bxc5 Bxc5 27. Qxc5 Qd1+ 28. Kh2 Qxe2 29. Qd4 Qf3 30. b4 Kh7 31. Qf4 Qe2 32. Qe3 Qf1 33. Qd4 Bf7 34. h5 Bxh5 35. Qf4 Bg4 0-1

[Event "Early-Titled-Tuesday-Blitz-October-17-2023"]
[Site "Chess.com"]
[Date "2023.10.17"]
[Round "3"]
[White "Journey_to_GrandMaster_YT"]
[Black "garicradomir"]
[Result "0-1"]
[WhiteElo "2614"]
[BlackElo "2303"]
[TimeControl "180+1"]
[EndTime "8:29:02 PDT"]
[Termination "garicradomir won on time"]

1. Nf3 Nf6 2. b3 Nc6 3. Bb2 a5 4. g3 a4 5. Bg2 e6 6. O-O b6 7. Ne5 Bb7 8. Nxc6 dxc6 9. c4 Qc8 10. d4 Be7 11. e4 O-O 12. Nd2 Bb4 13. e5 a3 14.
exf6 axb2 15. Rb1 Rxa2 16. Ne4 g6 17. c5 Rd8 18. cxb6 cxb6 19. Qc2 Ba3 20. Rfd1 c5 21.
dxc5 Rxd1+ 22. Qxd1 Bxe4 23. Bxe4 Qxc5 24. Qd8+ Qf8 25.
Qxb6 Bc5 26. Qb7 Bd4 27. b4 Bxf6 28. Kg2 Ra4 29. b5 Qb4 30. Bc6 Ra1 31. Be4 Ra4 32. Bc6 Bd4 33. Be4 Qd2 0-1

[Event "Early-Titled-Tuesday-Blitz-October-17-2023"]
[Site "Chess.com"]
[Date "2023.10.17"]
[Round "3"]
[White "CADMartin"]
[Black "tptagain"]
[Result "0-1"]
[WhiteElo "2480"]
[BlackElo "2938"]
[TimeControl "180+1"]
[EndTime "8:29:03 PDT"]
[Termination "tptagain won by checkmate"]

1. Nf3 d5 2. g3 Nc6 3. d4 Bg4 4.
Nbd2 Qd7 5. h3 Bf5 6. c3 f6 7. b4 g5 8. Bg2 e6 9. a4 h5 10. Bb2 Nge7 11. Nb3 b6 12. a5 Nc8 13. axb6 cxb6 14.
Nfd2 Nd6 15. Rc1 Rc8 16. O-O Bg7 17. Re1 g4 18. h4 O-O 19. e4 Nxe4 20. Nxe4 Bxe4 21.
Bxe4 dxe4 22. Rxe4 f5 23. Re1 f4 24. Qe2 Rce8 25.
Nd2 e5 26. Qc4+ Kh8 27. d5 Ne7 28. Ne4 fxg3 29. fxg3 Rf3 30. Rcd1 Nf5 31. Bc1 Nxg3 32. Ng5 Rc8 33. Qa2 e4 34. Nxf3 gxf3 35. Kf2 Qh3 36. Qd2 Rxc3 37. Bb2 Qg2# 0-1

[Event "Early-Titled-Tuesday-Blitz-October-17-2023"]
[Site "Chess.com"]
[Date "2023.10.17"]
[Round "3"]
[White "kingapolak"]
[Black "PowerThinking2650"]
[Result "0-1"]
[WhiteElo "2145"]
[BlackElo "2528"]
[TimeControl "180+1"]
[EndTime "8:29:04 PDT"]
[Termination "PowerThinking2650 won on time"]

1. e4 e5 2. Nf3 Nc6 3. Bb5 a6 4. Ba4 Nf6 5. O-O Be7 6. Re1 b5 7. Bb3 d6 8. c3 O-O 9. h3 Bb7 10. d4 Re8 11. Nbd2 Bf8 12. Bc2 Nb8 13. b3 Nbd7 14.
Bb2 g6 15. c4 exd4 16. Nxd4 b4 17. a3 a5 18. axb4 axb4 19. f3 Bh6 20. Nf1 Nh5 21. Ne2 Rxa1 22. Qxa1 Ne5 23. Qa7 Bc8 24. Qf2 Nf4 25. Nxf4 Bxf4 26. Bc1 Qg5 27. Bxf4 Qxf4 28. Qg3 g5 29. Kh2 Be6 30. Rd1 Ra8 31. Qxf4 gxf4 32. Rc1 Ra2 33. Kg1 Rb2 34. Kf2 Nc6 35. Ke1 Nd4 0-1

[Event "Early-Titled-Tuesday-Blitz-October-17-2023"]
[Site "Chess.com"]
[Date "2023.10.17"]
[Round "3"]
[White "Tsyhanchuk_Stanislav"]
[Black "Djager97"]
[Result "0-1"]
[WhiteElo "2454"]
[BlackElo "2630"]
[TimeControl "180+1"]
[EndTime "8:29:05 PDT"]
[Termination "Djager97 won by resignation"]

1. e4 e6 2. d4 d5 3. Nc3 Nf6 4.
Bg5 Be7 5. e5 Nfd7 6. Bxe7 Qxe7 7. f4 a6 8. Nf3 c5 9. Bd3 Nc6 10. Ne2 c4 11. Bxc4 dxc4 12. O-O b5 13. Nd2 Bb7 14.
Ne4 O-O 15. Nd6 Nb6 16. f5 exf5 17. Nxf5 Qg5 18. Neg3 Rad8 19. Ne4 Qg6 20. Ned6 Rd7 21. Rf3 Nxd4 22. Rg3 Qxf5 23. Qxd4 Qxc2 24. e6 fxe6 25. Qxb6 Rxd6 26. Qe3 Rd1+ 0-1

[Event "Early-Titled-Tuesday-Blitz-October-17-2023"]
[Site "Chess.com"]
[Date "2023.10.17"]
[Round "3"]
[White "atalz0"]
[Black "OLDTERMINATOR"]
[Result "1-0"]
[WhiteElo "2513"]
[BlackElo "1638"]
[TimeControl "180+1"]
[EndTime "8:29:05 PDT"]
[Termination "atalz0 won by resignation"]

1. d4 Nf6 2. c4 e5 3. dxe5 Ng4 4.
Bf4 g5 5. Bd2 Bg7 6. Nf3 Nc6 7.
Bxg5 f6 8. exf6 Bxf6 9. Bxf6 Qxf6 10. Nc3 d6 11. Qd2 Rg8 12. Nd5 Qg7 13. e3 Bf5 14. h3 Nge5 15. Nd4 Nxd4 16. exd4 Nc6 17. O-O-O O-O-O 18. f3 Rde8 19. g4 Bg6 20. Bd3 Qxd4 21. Bxg6 Qxc4+ 22. Bc2 Re5 23. Nc3 Rge8 24. Bb3 Qc5 25. f4 Re2 26. Qd3 Nb4 27. Qf5+ Qxf5 28.
gxf5 Rf2 29. a3 Nc6 30. Rhf1 Rh2 31. Be6+ Kb8 32. Rf3 Rf8 33. Rd2 Rf6 34. Rxh2 1-0

[Event "Early-Titled-Tuesday-Blitz-October-17-2023"]
[Site "Chess.com"]
[Date "2023.10.17"]
[Round "3"]
[White "AlivodicDario"]
[Black "NowInChess"]
[Result "1-0"]
[WhiteElo "2435"]
[BlackElo "2203"]
[TimeControl "180+1"]
[EndTime "8:29:06 PDT"]
[Termination "AlivodicDario won on time"]

1. d4 Nf6 2. c4 c5 3. d5 b5 4.
cxb5 a6 5. b6 d6 6. Nc3 g6 7. a4 a5 8. e4 Bg7 9. Bb5+ Bd7 10.
Qd3 Qxb6 11. Nf3 O-O 12. Nd2 Na6 13. Nc4 Bxb5 14. axb5 Nb4 15. Nxb6 Nxd3+ 16. Kf1 Rab8 17. Nc4 Nd7 18. Ke2 Nxc1+ 19. Rhxc1 Bxc3 20. bxc3 Rxb5 21. Rxa5 Rxa5 22. Nxa5 Ra8 23. Ra1 Ne5 24. Nb3 Rb8 25. Rb1 Nc4 26. Nd2 Rb2 27. Rxb2 Nxb2 28. f4 f5 29. e5 dxe5 30. fxe5 Kf7 31. Ke3 g5 32. g3 h5 33. Nb3 Nc4+ 34. Ke2 Nxe5 35. Nxc5 1-0

[Event "Early-Titled-Tuesday-Blitz-October-17-2023"]
[Site "Chess.com"]
[Date "2023.10.17"]
[Round "3"]
[White "giomar27"]
[Black "Orest_Vovk"]
[Result "1-0"]
[WhiteElo "2328"]
[BlackElo "2530"]
[TimeControl "180+1"]
[EndTime "8:29:07 PDT"]
[Termination "giomar27 won by resignation"]

1. d4 h6 2. e4 g5 3. h4 g4 4.
Qxg4 d5 5. Qf3 dxe4 6. Qxe4 Nf6 7. Qd3 Nc6 8. c3 Qd5 9. Nf3 Bg4 10. Nbd2 O-O-O 11. Qb5 Rg8 12. Bc4 Qh5 13. Qxh5 Bxh5 14. g3 Nd5 15.
Be2 f6 16. Nc4 e5 17. dxe5 fxe5 18. Nfxe5 Nxe5 19. Nxe5 Bxe2 20. Kxe2 Re8 21. f4 Bd6 22. Kf2 Bxe5 23. fxe5 Rxe5 24. Bxh6 Rf5+ 25. Kg2 Rf6 26. Bd2 Rfg6 27. Rh3 Nf6 28. h5 Nxh5 29. Rxh5 Rxg3+ 30. Kf2 Rg2+ 31. Ke3 R8g3+ 32. Kf4 Rg4+ 33. Kf5 Rg8 34. Bh6 Rf2+ 35. Ke4 Re8+ 36. Kd3 Rxb2 1-0

[Event "Early-Titled-Tuesday-Blitz-October-17-2023"]
[Site "Chess.com"]
[Date "2023.10.17"]
[Round "3"]
[White "BelaKis"]
[Black "Szczor"]
[Result "0-1"]
[WhiteElo "2175"]
[BlackElo "2532"]
[TimeControl "180+1"]
[EndTime "8:29:07 PDT"]
[Termination "Szczor won on time"]

1. d4 Nf6 2. c4 e6 3. a3 c5 4.
e3 cxd4 5. exd4 d5 6. Nc3 Be7 7. Nf3 O-O 8. c5 a5 9. Rb1 b6 10. b4 axb4 11. axb4 bxc5 12. bxc5 Nc6 13. Bb5 Qc7 14. O-O Ba6 15. Re1 Rfb8 16. h3 Ne4 17. Nxe4 dxe4 18. Bxc6 Qxc6 19. Ne5 Qd5 20. Rxb8+ Rxb8 21. Qa4 Bd3 22. Qa7 Qb7 23. Qxb7 Rxb7 24. Be3 Rb2 25. Ra1 Rb1+ 26. Rxb1 Bxb1 27. Kf1 Ba2 28. Ke1 Bd5 29. Kd2 f6 30. Ng4 g5 31. Nh2 f5 32.
g3 h6 33. Kc2 Bd8 34. Nf1 Bc7 35. Nd2 f4 0-1

[Event "Early-Titled-Tuesday-Blitz-October-17-2023"]
[Site "Chess.com"]
[Date "2023.10.17"]
[Round "3"]
[White "MidnightFox"]
[Black "Ishowmoves57"]
[Result "1-0"]
[WhiteElo "2485"]
[BlackElo "2221"]
[TimeControl "180+1"]
[EndTime "8:29:07 PDT"]
[Termination "MidnightFox won on time"]

1. d4 Nf6 2. c4 e6 3. g3 Bb4+ 4. Nd2 O-O 5. Bg2 Qe7 6. Nf3 d6 7. O-O Bxd2 8. Qxd2 e5 9. b3 Bf5 10. Ba3 exd4 11. Nxd4 Be4 12. f3 Bg6 13. e4 Nc6 14. Rad1 Nxd4 15. Qxd4 Nd7 16. f4 Bh5 17. Rd2 Nc5 18.
e5 Ne6 19. exd6 cxd6 20. Qxd6 Qxd6 21. Bxd6 Rfd8 22. c5 Nxc5 23. Rff2 Ne6 24. Bxb7 Rac8 25. Bxc8 Rxc8 26. h3 f5 27. Be5 Bf7 28. Rd7 Rc1+ 29. Kh2 h6 30. Rxa7 Nc5 31. Rc7 Bd5 32. Rg2 Bxg2 33.
Kxg2 Rc2+ 34. Kf3 g5 35. Bd4 g4+ 36. hxg4 fxg4+ 37. Kxg4 h5+ 38. Kf5 Rd2 39. Bxc5 Rd5+ 40. Kg6 Rd8 41. Rg7+ Kh8 42. Rh7+ Kg8 43. Rc7 h4 44.
gxh4 Re8 45. h5 Re6+ 46. Kg5 Re8 47. h6 1-0

[Event "Early-Titled-Tuesday-Blitz-October-17-2023"]
[Site "Chess.com"]
[Date "2023.10.17"]
[Round "3"]
[White "NelsonLinda"]
[Black "RobertoJBM"]
[Result "1-0"]
[WhiteElo "2609"]
[BlackElo "2798"]
[TimeControl "180+1"]
[EndTime "8:29:08 PDT"]
[Termination "NelsonLinda won by resignation"]

1. Nf3 d5 2. b3 Bg4 3. Bb2 Nd7 4. g3 e6 5. Bg2 Ngf6 6. d3 Bd6 7. Nbd2 Qe7 8. O-O Ba3 9. Qc1 Bxb2 10. Qxb2 O-O 11. e4 c6 12. Rfe1 a5 13. a3 Rfc8 14.
h3 Bxf3 15. Bxf3 Qc5 16. Bg2 Qb6 17. Rab1 Nf8 18. Re2 Qd8 19. f4 dxe4 20. dxe4 b5 21. e5 Nd5 22. Ne4 Qb6+ 23. Kh2 Ne7 24. Nd6 Rc7 25. g4 Rd8 26. Qc3 Nc8 27. Rd1 Rdd7 28.
Red2 Re7 29. Ne4 c5 30. Rd8 c4 31. b4 axb4 32. axb4 Rcd7 33. R1xd7 Rxd7 34. Rxc8 Rd1 35. Nc5 Qa7 36. Qf3 Rd2 37. Qc6 Rxc2 38. Ra8 Qe7 39.
Qd6 Qxd6 40. exd6 Rd2 41. d7 c3 42. d8=Q Rxd8 43. Rxd8 c2 1-0

[Event "Early-Titled-Tuesday-Blitz-October-17-2023"]
[Site "Chess.com"]
[Date "2023.10.17"]
[Round "3"]
[White "GMaka"]
[Black "wqws"]
[Result "0-1"]
[WhiteElo "2448"]
[BlackElo "2634"]
[TimeControl "180+1"]
[EndTime "8:29:08 PDT"]
[Termination "wqws won by resignation"]

1. d4 Nf6 2. Bg5 g6 3. Bxf6 exf6 4. g3 Bg7 5. Bg2 O-O 6. e3 d5 7. Ne2 c6 8. O-O Nd7 9. Nf4 f5 10. c3 Nf6 11. Nd2 Re8 12. b4 Ne4 13. Qc2 h5 14. h4 Be6 15. Nxe4 fxe4 16. c4 Bh6 17. Nxe6 Rxe6 18.
b5 g5 19. hxg5 Qxg5 20. cxd5 cxd5 21. Qc7 h4 22. Qf4 hxg3 23. fxg3 Qg7 24. Qf2 Bg5 25. Rae1 Rd8 26. Qf5 Rf6 27. Qe5 Rxf1+ 28. Kxf1 Qxe5 29.
dxe5 Re8 30. Ke2 Rxe5 31. Rc1 Re7 32. Rc8+ Kg7 33. Bh3 Bf6 34. Bf5 Be5 35. g4 a6 36.
b6 Bd6 37. a4 a5 38. Ra8 Bc5 39. Rxa5 Bxb6 40. Rxd5 Rc7 41. Rd7 Rc2+ 42. Kd1 Rc3 43. Rxb7 Bxe3 44. Be6 Kf6 45. Bxf7 Bg5 46. Bb3 Rd3+ 47.
Ke1 e3 48. Rb5 Rd2 49. a5 Bh4+ 50. Kf1 e2+ 0-1

[Event "Early-Titled-Tuesday-Blitz-October-17-2023"]
[Site "Chess.com"]
[Date "2023.10.17"]
[Round "3"]
[White "ChessSkool"]
[Black "Beca95"]
[Result "0-1"]
[WhiteElo "2669"]
[BlackElo "2922"]
[TimeControl "180+1"]
[EndTime "8:29:10 PDT"]
[Termination "Beca95 won by resignation"]

1. e4 e5 2. Nf3 Nc6 3. Bc4 Nf6 4. d3 h6 5. O-O Bc5 6. Nc3 a5 7. Be3 Bxe3 8. fxe3 d6 9. Nh4 O-O 10. Qe1 Be6 11. Nd5 Bxd5 12. exd5 Ne7 13. e4 Nd7 14. c3 g6 15. d4 Kh7 16. Bd3 Ng8 17. Qg3 Qg5 18. Qh3 Ngf6 19. Rae1 Qg4 20.
Qxg4 Nxg4 21. Bb5 Ngf6 22. dxe5 dxe5 23. Nf3 Kg7 24. Nd2 Nc5 25. a4 Rfc8 26. Ra1 c6 27.
dxc6 bxc6 28. Bc4 Rab8 29. b3 Re8 30. Rae1 Re7 31. Re2 Rd8 32. Nf3 Ncxe4 33. Rfe1 Nxc3 34. Rxe5 Rxe5 35. Rxe5 Rd1+ 36. Kf2 Ng4+ 37. Kg3 Nxe5 38.
Nxe5 Ne4+ 39. Kf4 Nd6 40. Ke3 c5 41. Nc6 Nxc4+ 42. bxc4 Ra1 43. Ke4 Rxa4 44. Kd5 Ra2 45. Kxc5 a4 46. Kb4 a3 47. Nd4 Rd2 48. Nb3 a2 49.
Ka3 Rxg2 50. c5 Rxh2 51. c6 Rc2 52. Kb4 Rb2 53. Ka3 Rxb3+ 54. Kxb3 0-1

[Event "Early-Titled-Tuesday-Blitz-October-17-2023"]
[Site "Chess.com"]
[Date "2023.10.17"]
[Round "3"]
[White "Josgar05"]
[Black "Maxfan2008"]
[Result "1-0"]
[WhiteElo "2360"]
[BlackElo "2538"]
[TimeControl "180+1"]
[EndTime "8:29:10 PDT"]
[Termination "Josgar05 won on time"]

1. Nf3 d5 2. b3 Nf6 3. Bb2 Bg4 4. g3 c6 5. Bg2 Nbd7 6. O-O e6 7.
d3 Be7 8. Nbd2 O-O 9. e4 dxe4 10.
dxe4 e5 11. h3 Bxf3 12. Bxf3 Qc7 13. Qe2 Rad8 14. a4 Rfe8 15. Nc4 Bc5 16. Kg2 Nf8 17.
Ne3 Ne6 18. Nf5 Bf8 19. Rad1 g6 20. Ne3 Nd4 21. Bxd4 exd4 22. Nc4 b5 23. axb5 cxb5 24. Nd2 Qxc2 25. Qxb5 Bh6 26. e5 Nh5 27. Nc4 Qf5 28.
Rxd4 Rxd4 29. Qxe8+ Kg7 30. Nd6 Qe6 31. Qb5 Rd2 32. Ne4 Rb2 33. Nc5 1-0